 Dungeon Crawl Stone Soup version 0.27-a0-808-g60bc5d92e6 (webtiles) character file.

Game seed: 14695827095552245894

53 funkygono the Magician (level 3, -1/25 HPs)
             Began as a Djinni Air Elementalist on Mar 28, 2021.
             Slain by Grinder (5 damage)
             ... on level 3 of the Dungeon.
             The game lasted 00:02:54 (1899 turns).

funkygono the Magician (Djinni Air Elementalist)    Turns: 1899, Time: 00:02:55

Health: -1/25      AC:  2    Str:  7    XL:     3   Next: 87%
Gold:   115        EV: 12    Int: 17    God:
                   SH:  0    Dex: 13

rFire    + + .     SeeInvis .   d - +1 dagger
rCold    x . .     Faith    +   (no shield)
rNeg     . . .     Spirit   .   a - +0 robe
rPois    ∞         Reflect  .   (no helmet)
rElec    .         Harm     .   (no cloak)
rCorr    .         Rampage  .   (no gloves)
Will     .....                  (boots unavailable)
Stlth    ++........             e - amulet of faith
HPRegen  0.08/turn              (no ring)
MPRegen  0.00/turn              (no ring)

@: flying
A: fire resistance 2, cold vulnerability 1, float, innate caster, hp casting,
extra vitality 1
a: no special abilities


You were on level 3 of the Dungeon.
You visited 1 branch of the dungeon, and saw 3 of its levels.

You collected 115 gold pieces.

Inventory:

Hand Weapons
 d - a +1 dagger (weapon)
Armour
 a - a +0 robe (worn)
Jewellery
 e - an amulet of faith (around neck)
Potions
 b - 2 potions of resistance
 c - a potion of flight {unknown}
 f - a potion of magic {unknown}
 g - a potion of degeneration {unknown}


   Skills:
 + Level 2.4 Dodging
 - Level 1.5 Stealth
 * Level 3.9 Spellcasting


You couldn't memorise any spells.
You knew the following spells:

 Your Spells              Type           Power      Damage    Failure   Level
a - Shock                 Conj/Air       64%        1d7       3%          1
b - Swiftness             Air            16%        N/A       4%          2
c - Static Discharge      Conj/Air       16%        N/A       10%         3
d - Airstrike             Air            8%         N/A       30%         4
e - Lightning Bolt        Conj/Air       8%         1d20      65%         5
f - Animate Skeleton      Necr           32%        N/A       3%          1
Your spell library was empty.

Dungeon Overview and Level Annotations

Branches:
Dungeon (3/15)

Altars:

Annotations:
D:3 Grinder


Innate Abilities, Weirdness & Mutations

You are immune to poison.
Your flesh is very heat resistant. (rF++)
You are vulnerable to cold. (rC-)
You float through the air rather than walking.
You learn spells naturally, not from books.
Your magical power is your life essence.
You have superior vitality. (+4 HP)


Message History

Confirm with . or Enter, or press ? or * to list all spells.
Aiming: Shock (safe; 3% risk of failure)
Press: ? - help, Shift-Dir - straight line, f/p - Grinder
Aim: Grinder (lightly wounded, 32% to evade)
The zap hits Grinder.
Grinder is moderately wounded.
Casting: Shock (safe; 3% risk of failure)
Confirm with . or Enter, or press ? or * to list all spells.
Aiming: Shock (safe; 3% risk of failure)
Press: ? - help, Shift-Dir - straight line, f/p - Grinder
Aim: Grinder (lightly wounded, 32% to evade)
The zap hits Grinder.
Grinder is moderately wounded.
Casting: Shock (safe; 3% risk of failure)
Confirm with . or Enter, or press ? or * to list all spells.
Aiming: Shock (safe; 3% risk of failure)
Press: ? - help, Shift-Dir - straight line, f/p - Grinder
Aim: Grinder (moderately wounded, 32% to evade)
The zap misses Grinder.
Grinder gestures at you.
You suddenly lose the ability to move!
Grinder gestures at you. You resist with significant effort.
Grinder hits you but does no damage. Grinder gestures at you.
Pain shoots through your body!
You can move again.
Casting: Shock (safe; 3% risk of failure)
Confirm with . or Enter, or press ? or * to list all spells.
Aiming: Shock (safe; 3% risk of failure)
Press: ? - help, Shift-Dir - straight line, f/p - Grinder
Aim: Grinder (moderately wounded, 32% to evade)
The zap hits Grinder.
Grinder is moderately wounded.
The zap hits Grinder.
Grinder is heavily wounded.
Grinder hits you!
* * * LOW HITPOINT WARNING * * *
You writhe in agony.
You die...

#..........5)..
#......#####.#.
#...†.## ###..##
#.###..# .... #......#
.<.. ######'## ...
##..5## ..# ##...@.##
### #)# #.......##
##.###.#
#.........####...##.###
+.........'............
#.........####...##.###
##.......## ##.###.###
##.....## ##.......
##...## #.##.### ##+#
#.##.#


You could see Grinder.

Vanquished Creatures
  An adder (D:2)
  3 worms
  2 endoplasms
  A giant cockroach (D:1)
  2 goblins (D:2)
  3 hobgoblins
  4 jackals
  2 kobolds (D:2)
  4 quokkas
  2 ball pythons (D:2)
  2 bats
  A frilled lizard (D:1)
  6 rats
33 creatures vanquished.

Notes
Turn   | Place    | Note
-------+----------+-------------------------------------------
     0 | D:1      | funkygono the Djinni Air Elementalist began the quest for
                  | the Orb.
     0 | D:1      | Reached XP level 1. HP: 15/15 MP: 0/0
   295 | D:1      | Reached skill level 3 in Spellcasting
   382 | D:1      | Reached XP level 2. HP: 18/21 MP: 0/0
  1195 | D:2      | Reached XP level 3. HP: 22/25 MP: 0/0
  1195 | D:2      | Learned a level 1 spell: Animate Skeleton
  1878 | D:3      | Noticed Grinder
  1893 | D:3      | Paralysed by Grinder for 6 turns
  1899 | D:3      | Slain by Grinder

Illustrated notes

Levels and vault maps discovered:
D:1:      dpeg_arrival_rooms_b, layout_rooms
D:2:      layout_basic
D:3:      layout_loops_corners, uniq_grinder

Skill      XL: |  1 |
---------------+----+-----
Spellcasting   | 3 |  3.9
Dodging        | |  2.4
Stealth        | |  1.5

Action                   || total
-------------------------++-------
 Cast: Shock             ||    82
  Use: Scroll            ||     4
Armor: Robe              ||     1
Dodge: Dodged            ||     2

Table legend: (Time is in decaauts)
 A = Elapsed time spent in this place.
 B = Non-inter-level travel time spent in this place.
 C = Inter-level travel time spent in this place.
 D = Time resting spent in this place.
 E = Time spent auto-exploring this place.
 F = Levels seen in this place.
 G = Mean time per level.
                   A        B        C        D        E       F      G
               +--------+--------+--------+--------+--------+-----+--------+
         Total |   1898 |   1821 |     77 |      0 |   1631 |   3 |  632.7 |
       Dungeon |   1898 |   1821 |     77 |      0 |   1631 |   3 |  632.7 |
               +--------+--------+--------+--------+--------+-----+--------+

Top non-repeatable levels by time:
     D:2: 959 daAuts
     D:1: 660 daAuts
     D:3: 277 daAuts
